cohdb
Replays
Latest Replays
All Replays
Popular Replays
Top Player Replays
Match Explorer
How It Works
Community
CoH3 Stats
Reddit
Sign in to upload your games and track your stats! →
Sign in with Steam
Match 43948130
Unlisted
Match 43948130
Overview
Messages
Build Orders
End
Panzerpioneer Squad
Panzerpioneer Squad
Panzerpioneer Squad
Construct Light Support Kompanie
Fire Support Elements
Selects Italian Infantry
Selects Guastatori Squad
Guastatori Squad
le.IG 18 Support Gun Team
2.5-tonne Medical Truck
Pak 38 Anti-tank Gun Team
MG34 Team
Construct Panzerarmee Kommand
Armored Reserves
Panzer III L Medium Tank
Tungsten Core Ammunition
Vehicle Survival Package
Selects Defensive Operations
Selects Prepared Positions
Black Dynamite
Blue Semtex
Scorps
BraUn
Serial Chiller
A4ELOVEKMALEKULA
jMNO
малыш SCRAPSTER ツ
0
0
Comments
sign in to comment!
No comments posted yet!